Map: 永恒帝国-天梯版

Players

Krycola

  • Race: Protoss Protoss
  • League: Platinum
  • Spawn Location: 1:00

SterbenF - Winner!

  • Race: Terran Terran
  • Spawn Location: 7:00

VOD

Have the link to the VOD?

Description

Time

  • Played on: Aug. 5, 2020, 7:29 p.m.
  • Length: 11:59
Show
View Real Time Build Order
Export as new Build Order

Krycola Protoss 

Build Orders: 1 Gate Expand 

Get SALT Encoding   

  12  0:01  Probe  
  13  0:13  Probe  
  14  0:21  Pylon  
  14  0:26  Probe  
  15  0:39  Probe (Chrono Boost)  
  16  0:46  Gateway  
  16  0:50  Probe (Chrono Boost)  
  17  1:00  Probe  
  18  1:12  Probe  
  18  1:13  Assimilator  
  19  1:29  Nexus  
  19  1:31  Pylon  
  19  1:43  Cybernetics Core  
  19  1:51  Probe  
  19  1:53  Assimilator  
  20  2:03  Probe  
  21  2:19  Warp Gate (Chrono Boost)  
  21  2:20  Shield Battery  
  21  2:24  Stalker (Chrono Boost)  
  21  2:28  Probe  
  24  2:58  Stalker  
  24  3:04  Probe x2  
  28  3:16  Probe x2  
  30  3:20  Gateway  
  30  3:21  Gateway  
  30  3:28  Probe x2  
  30  3:33  Robotics Facility  
  32  3:40  Probe  
  32  3:41  Probe  
  34  3:43  Sentry  
  36  4:00  Probe x2  
  38  4:03  Pylon  
  38  4:14  Probe  
  38  4:15  Probe  
  38  4:17  Stalker x2  
  42  4:20  Observer (Chrono Boost)  
  45  4:32  Probe x2  
  45  4:34  Observer (Chrono Boost)  
  48  4:44  Probe x2  
  50  4:46  Stalker x2  
  54  4:53  Pylon  
  54  5:02  Assimilator  
  54  5:04  Assimilator  
  54  5:11  Immortal, Robotics Bay  
  58  5:17  Pylon, Shield Battery, Probe x2  
  58  5:20  Stalker  
  62  5:35  Nexus, Probe x2  
  64  5:38  Pylon x2  
  64  5:40  Shield Battery  
  64  5:55  Probe  
  64  5:56  Forge  
  65  5:59  Observer  
  65  6:00  Forge  
  65  6:02  Stalker  
  65  6:03  Stalker x2  
  71  6:11  Probe x2  
  73  6:14  Immortal (Chrono Boost)  
  77  6:36  Gateway  
  77  6:37  Protoss Ground Armor Level 1  
  77  6:38  Gateway  
  77  6:39  Protoss Ground Weapons Level 1  
  77  6:44  Immortal (Chrono Boost)  
  77  6:45  Probe x2  
  83  6:54  Shield Battery  
  83  6:57  Probe  
  83  6:58  Probe x2  
  83  7:00  Stalker x2  
  90  7:10  Probe x2 (Chrono Boost)  
  90  7:11  Photon Cannon  
  92  7:17  Probe (Chrono Boost)  
  92  7:22  Probe x2 (Chrono Boost)  
  95  7:23  Twilight Council  
  95  7:31  Immortal  
  99  7:37  Probe x2  
  99  7:39  Assimilator  
  99  7:40  Assimilator  
  99  7:42  Pylon  
  99  7:43  Pylon  
  101  8:00  Probe x2  
  101  8:02  Photon Cannon  
  101  8:03  Photon Cannon, Probe  
  101  8:05  Pylon, Photon Cannon  
  104  8:10  Charge, Gateway  
  104  8:12  Gateway, Probe  
  105  8:13  Zealot x2  
  109  8:25  Immortal (Chrono Boost)  
  109  8:32  Probe  
  109  8:33  Probe  
  115  8:38  Zealot x3  
  115  8:39  Zealot x2  
  125  8:44  Pylon  
  125  8:49  Pylon  
  125  8:50  Pylon  
  125  8:51  Pylon  
  125  8:55  Robotics Facility  
  125  9:20  Probe x3  
  126  9:31  Gateway x2  
  126  9:32  Gateway, Nexus, Probe x3  
  126  9:33  Immortal (Chrono Boost)  
  126  9:34  Gateway  
  126  9:35  Pylon  
  130  9:41  Stalker x2  
  134  9:54  Probe  
  134  9:55  Probe x2  
  129  10:11  Immortal  
  129  10:13  Pylon  
  133  10:15  Pylon, Immortal  
  133  10:18  Photon Cannon  
  133  10:19  Photon Cannon  
  133  10:20  Stalker  
  137  10:22  Photon Cannon  
  137  10:23  Shield Battery  
  137  10:24  Shield Battery  
  137  10:34  Zealot x6  
  137  10:37  Zealot  
  103  10:46  Zealot x3  
  103  10:47  Zealot  
  82  11:00  Immortal  
  82  11:01  Zealot x2  
  79  11:15  Zealot x2  
  79  11:16  Zealot x4  
  72  11:31  Zealot x2  
  76  11:38  Zealot  
  76  11:39  Zealot x5  
Show
View Real Time Build Order
Export as new Build Order

SterbenF Terran - Winner!

Build Orders: 2 Factory, Gas First Reaper Expand, Mech 

Get SALT Encoding   

  12  0:00  SCV  
  13  0:12  SCV  
  14  0:17  Supply Depot  
  14  0:25  SCV  
  15  0:29  Refinery  
  15  0:39  SCV  
  16  0:45  Barracks  
  16  0:53  SCV  
  17  1:05  SCV  
  18  1:17  SCV  
  19  1:31  Orbital Command  
  19  1:36  Reaper  
  20  1:46  Command Center  
  20  1:57  SCV, Refinery  
  21  2:02  Supply Depot  
  21  2:14  Barracks Reactor  
  21  2:17  SCV  
  21  2:18  Factory  
  22  2:35  SCV  
  23  2:47  SCV  
  24  2:59  SCV x2  
  25  3:10  Factory  
  25  3:11  SCV  
  27  3:18  SCV, Barracks Tech Lab  
  27  3:23  SCV  
  27  3:25  Hellion x2  
  32  3:30  Orbital Command  
  32  3:35  SCV, Refinery  
  33  3:45  Barracks Tech Lab  
  33  3:47  SCV  
  33  3:48  Refinery  
  35  3:55  SCV  
  35  3:59  SCV, Hellion  
  38  4:07  SCV  
  39  4:10  Supply Depot  
  39  4:12  SCV  
  40  4:20  SCV  
  40  4:24  SCV  
  42  4:27  Barracks Reactor  
  42  4:32  SCV  
  42  4:36  SCV  
  42  4:37  Cyclone  
  42  4:38  Hellion x2  
  51  4:42  Supply Depot  
  51  4:44  SCV  
  52  4:49  Factory  
  52  4:55  Command Center  
  52  4:56  SCV  
  52  4:58  SCV  
  54  5:08  Infernal Pre-Igniter, SCV  
  54  5:09  Cyclone  
  54  5:11  Armory  
  58  5:16  Hellion  
  58  5:20  SCV  
  61  5:32  SCV  
  62  5:39  Supply Depot  
  62  5:47  Mag-Field Accelerator  
  62  6:00  Cyclone  
  62  6:01  Hellion x2  
  62  6:02  Terran Vehicle Weapons Level 1, Supply Depot  
  62  6:03  Supply Depot  
  69  6:07  Siege Tank  
  70  6:22  Supply Depot  
  70  6:26  Hellion x2  
  70  6:31  Supply Depot  
  74  6:33  Siege Tank  
  74  6:34  Armory  
  74  6:39  Siege Tank  
  80  6:40  SCV  
  80  6:41  SCV  
  82  6:48  Hellion  
  82  6:52  SCV  
  85  6:57  Factory  
  85  7:00  Hellion  
  87  7:04  SCV  
  87  7:05  Siege Tank  
  91  7:11  Siege Tank  
  91  7:12  SCV x2  
  96  7:16  SCV  
  96  7:18  Refinery  
  96  7:22  Refinery  
  97  7:23  Supply Depot  
  97  7:24  SCV x2  
  97  7:28  SCV  
  100  7:32  Terran Vehicle And Ship Armor Level 1  
  100  7:36  SCV x2  
  102  7:37  Cyclone  
  102  7:40  SCV  
  102  7:43  Siege Tank  
  102  7:44  Hellion x2  
  113  7:48  SCV x2  
  113  7:51  Hellion x2  
  119  7:52  SCV  
  120  7:59  Terran Vehicle Weapons Level 2  
  120  8:00  SCV  
  120  8:01  SCV  
  120  8:05  Hellion  
  124  8:08  Supply Depot  
  124  8:09  Supply Depot  
  124  8:15  Hellion  
  124  8:28  Smart Servos  
  124  8:29  Siege Tank x2  
  124  8:30  Hellion  
  124  8:31  Hellion  
  124  8:34  Hellion  
  136  8:37  Hellion  
  138  8:41  Supply Depot  
  138  8:43  Supply Depot  
  138  8:51  Hellion  
  140  8:56  Factory  
  140  8:58  Command Center  
  140  9:03  Cyclone x2, Hellion  
  140  9:06  Supply Depot  
  148  9:10  Supply Depot  
  146  9:35  Cyclone, Siege Tank  
  146  9:37  Hellion x3  
  158  9:40  Factory Tech Lab  
  158  9:45  SCV  
  149  9:57  SCV  
  146  10:00  SCV  
  147  10:07  Cyclone, Siege Tank  
  147  10:08  Supply Depot  
  147  10:09  SCV  
  147  10:11  Hellion x4  
  147  10:12  SCV  
  147  10:13  Supply Depot  
  163  10:21  SCV  
  164  10:24  SCV  
  165  10:32  Hellion  
  165  10:33  SCV  
  162  10:36  SCV  
  162  10:39  Cyclone x2  
  162  10:42  Hellion  
  160  10:43  Hellion x2  
  160  10:53  Hellion  
  155  11:00  Hellion  
  155  11:03  Hellion  
  149  11:04  Hellion  
  134  11:11  Cyclone x2  
  134  11:13  Hellion  
  134  11:15  Hellion  
  126  11:21  Hellion  
  121  11:25  Hellion  
  121  11:26  Hellion  
  123  11:35  Hellion  
  123  11:36  Hellion  
Tags
 
Add a new tag
Caveats
  • Supply blocks, unpowered buildings, or Contaminate may cause inaccurate times.
  • Supply counts are checked every 10 seconds.